 Dungeon Crawl Stone Soup version 0.30-a0-800-g7c544603b3 (webtiles) character file.

Game seed: 15202145985846226587

27 sircluck the Sneak (level 3, -2/22 HPs)
             Began as a Kobold Brigand on Feb 22, 2023.
             Slain by a gnoll
             ... wielding a +0 club
              (5 damage)
             ... on level 2 of the Dungeon.
             The game lasted 00:01:18 (399 turns).

sircluck the Sneak (Kobold Brigand)                  Turns: 399, Time: 00:01:18

Health: -2/22      AC:  3    Str:  8    XL:     3   Next: 25%
Magic:  3/3        EV: 14    Int: 12    God:
Gold:   15         SH:  0    Dex: 18    Spells: 2/2 levels left

rFire   . . .      SeeInvis .    a - +2 dagger
rCold   . . .      Faith    .    (no shield)
rNeg    . . .      Spirit   .    b - +0 robe
rPois   .          Reflect  .    (no helmet)
rElec   .          Harm     .    c - +0 cloak
rCorr   .          Rampage  .    (no gloves)
Will    .....                    (no boots)
Stlth   ++++                     (no amulet)
HPRegen 0.23/turn                (no ring)
MPRegen 0.08/turn                (no ring)

@: no status effects
A: small, no large weapons, nightstalker 3
a: no special abilities


You were on level 2 of the Dungeon.
You visited 1 branch of the dungeon, and saw 2 of its levels.

You collected 15 gold pieces.

Inventory:

Hand Weapons
 a - a +2 dagger (weapon)
Missiles
 d - 2 poisoned darts (quivered)
 e - 3 curare-tipped darts
 f - 32 stones
Armour
 b - a +0 robe (worn)
 c - a +0 cloak (worn)
Jewellery
 g - a +4 ring of protection


   Skills:
 + Level 2.5 Fighting
 + Level 3.0 Short Blades
 + Level 2.3 Throwing
 + Level 1.4 Dodging
 + Level 6.1 Stealth


You had 2 spell levels left.
You didn't know any spells.
Your spell library was empty.

Dungeon Overview and Level Annotations

Branches:
Dungeon (2/15)

Altars:


Innate Abilities, Weirdness & Mutations

You are small and have problems with some larger weapons.
You are completely attuned to the shadows.


Message History

Press: ? - help, Q - select action, (/) - cycle Shift-Dir - straight line, f/p - gnoll
Aim: a gnoll, wielding a +0 halberd (65% to hit)
You throw a poisoned dart.
The poisoned dart barely misses the gnoll.
The gnoll hits you from afar with a +0 halberd.
Throw: 3 darts (poison)
Press: ? - help, Q - select action, (/) - cycle Shift-Dir - straight line, f/p - gnoll
Aim: a gnoll, wielding a +0 halberd (65% to hit)
You throw a poisoned dart.
The poisoned dart closely misses the gnoll.
The gnoll hits you from afar with a +0 halberd.
The gnoll closely misses you.
You hit the gnoll but do no damage. The gnoll misses you.
You hit the gnoll.
The gnoll is moderately wounded.
The gnoll hits you with a +0 halberd!
* * * LOW HITPOINT WARNING * * *
You hit the gnoll.
The gnoll is heavily wounded.
The gnoll completely misses you.
You hit the gnoll.
The gnoll is severely wounded.
You hit the gnoll.
The gnoll is almost dead.
The gnoll misses you.
You hit the gnoll.
You kill the gnoll!
Your Stealth skill increases to level 6!
You have reached level 3!
Your experience leads to an increase in your attributes!
Increase (S)trength, (I)ntelligence, or (D)exterity?
You feel agile. x2
You hit the gnoll.
The gnoll is heavily wounded.
The gnoll hits you with a +0 club.
* * * LOW HITPOINT WARNING * * *
You hit the gnoll but do no damage.
The gnoll is heavily wounded.
The gnoll hits you with a +0 club.
You die...

#..# #.# #..# #.#
#. #..# #<# #.##.
#..########.#.#.##.
#...........#.#.##.
#.###########.#.##.
#.# ######g#....
#.######....g......
#.@g.(...####.#.##<
########## #.#.##.
#.#...# #.####


You could see a gnoll.

Vanquished Creatures
  A gnoll (D:2)
  An adder (D:2)
  An endoplasm (D:1)
  2 hobgoblins (D:1)
  2 bats (D:2)
  2 goblins (D:1)
  A kobold (D:1)
10 creatures vanquished.

Vanquished Creatures (others)
  2 plants (D:2)
2 creatures vanquished.

Grand Total: 12 creatures vanquished

Notes
Turn   | Place    | Note
-------+----------+-------------------------------------------
     0 | D:1      | sircluck the Kobold Brigand began the quest for the Orb.
     0 | D:1      | Reached XP level 1. HP: 12/12 MP: 1/1
   235 | D:1      | Reached XP level 2. HP: 18/18 MP: 2/2
   398 | D:2      | Reached skill level 6 in Stealth
   398 | D:2      | Reached XP level 3. HP: 7/22 MP: 3/3
   399 | D:2      | Slain by a gnoll

Illustrated notes

Levels and vault maps discovered:
D:1:      dpeg_arrival_morbid_curiosity, layout_basic,
          chequers_serial_rivers_micro_c, minmay_misc_feat_x, nrook_mini_vaults,
          dreamdust_princess_corridor, minmay_misc_feat_cross, item_on_display_a
D:2:      minmay_angry_zag, layout_loops_ring, serial_forest,
          infiniplex_forest_lined_2, infiniplex_forest_join,
          infiniplex_forest_end_1, infiniplex_forest_clump_small,
          infiniplex_forest_clump_small, infiniplex_forest_lined_ring,
          serial_bayou_pond_e

Skill      XL: |  1  2 |
---------------+-------+-----
Short Blades   | 3 |  3.0
Stealth        | 6 |  6.1
Fighting       | |  2.5
Throwing       | |  2.3
Dodging        | |  1.4

Action                     || total
---------------------------++-------
  Melee: Dagger            ||    33
  Throw: Dart              ||    10
   Stab: Sleeping          ||     4
 Armour: Robe              ||     8
  Dodge: Dodged            ||    14

Table legend: (Time is in decaauts)
 A = Elapsed time spent in this place.
 B = Non-inter-level travel time spent in this place.
 C = Inter-level travel time spent in this place.
 D = Time resting spent in this place.
 E = Time spent auto-exploring this place.
 F = Levels seen in this place.
 G = Mean time per level.
                   A        B        C        D        E       F      G
               +--------+--------+--------+--------+--------+-----+--------+
         Total |    392 |    392 |      0 |     37 |    220 |   2 |  196.0 |
       Dungeon |    392 |    392 |      0 |     37 |    220 |   2 |  196.0 |
               +--------+--------+--------+--------+--------+-----+--------+

Top non-repeatable levels by time:
     D:1: 241 daAuts
     D:2: 151 daAuts
